 Dungeon Crawl Stone Soup version 0.17-b1-22-g5359643 (webtiles) character file.

417 Wiadro440 the Ruffian (level 6, 0/53 HPs)
             Began as a Ghoul Monk on Nov 5, 2015.
             Slain by a killer bee (2 damage)
             ... on level 4 of the Dungeon.
             The game lasted 00:17:17 (2441 turns).

Wiadro440 the Ruffian (Ghoul Monk)                  Turns: 2441, Time: 00:17:17

Health: 0/53       AC: 11    Str: 16    XL:     6   Next: 92%
Magic:  5/5        EV:  8    Int:  5    God:
Gold:   191        SH: 14    Dex: 12    Spells: 0 memorised, 5 levels left

rFire  . . .     SeeInvis .     f - +3 mace (protect)
rCold  + . .     Clarity  .     e - +0 leather armour
rNeg   + + +     SustAt   +     w - +2 large shield
rPois  ∞         Gourm    .     A - +0 helmet
rElec  .         Spirit   .     i - +0 cloak
rCorr  .         Warding  .     (no gloves)
rMut   .         Stasis   .     y - +0 pair of boots
MR     .....                    (no amulet)
Stlth  ++........               B - ring of poison resistance
                                v - ring of sustain attributes

@: rotting, not resistant to hostile enchantments, unstealthy
A: rotting body, claws 1, carnivore 3, cold resistance 1, negative energy
resistance 3, slow regeneration 1, torment resistance, unbreathing
a: no special abilities


You were on level 4 of the Dungeon.
You were not hungry.

You visited 1 branch of the dungeon, and saw 4 of its levels.

You collected 191 gold pieces.

Inventory:

Hand Weapons
 f - a +3 mace of protection (weapon)
 l - a +2 whip of pain
 z - a +0 hunting sling
Missiles
 g - 186 stones (quivered)
Armour
 c - a +0 chain mail
 e - a +0 leather armour (worn)
 i - a +0 cloak (worn)
 w - a +2 large shield (worn)
 y - a +0 pair of boots (worn)
 A - a +0 helmet (worn)
Jewellery
 v - a ring of sustain attributes (left claw)
 B - a ring of poison resistance (right claw)
Scrolls
 m - a scroll of identify
 o - 2 scrolls of remove curse
 r - a scroll of fear {unknown}
 u - 4 scrolls of amnesia {unknown}
Potions
 h - 2 potions of haste {unknown}
 j - 2 potions of agility
 k - a potion of invisibility
 n - a potion of magic {unknown}
 s - a potion of poison {unknown}
 t - 2 potions of mutation {unknown}
Comestibles
 a - a chunk of flesh
 b - a meat ration
 d - a beef jerky
 p - 2 royal jellies
 q - a slice of pizza
 x - a bread ration


   Skills:
 + Level 4.3 Fighting
 + Level 1.5 Maces & Flails
 + Level 0.1 Throwing
 + Level 2.0 Armour
 + Level 4.1 Dodging
 + Level 3.1 Stealth
 + Level 2.1 Shields
 + Level 5.1 Unarmed Combat


You had 5 spell levels left.
You didn't know any spells.

Dungeon Overview and Level Annotations

Branches:
Dungeon (4/15)
 Temple: D:4-7

Altars:


Innate Abilities, Weirdness & Mutations

Your body is rotting away.
You thrive on raw meat.
You are immune to poison.
You have sharp fingernails.
You are carnivorous and can eat meat at any time.
Your flesh is cold resistant.
You are immune to negative energy.
You regenerate slowly when monsters are visible.
You are immune to unholy pain and torment.
You can survive without breathing.


Message History

You block the killer bee's attack. x2
The killer bee barely misses you.
The killer bee stings you but does no damage. x2
You sock the killer bee!
The killer bee is heavily wounded.
You block the killer bee's attack. The killer bee stings you.
* * * LOW HITPOINT WARNING * * *
You block the killer bee's attack.
The killer bee stings you but does no damage.
You block the killer bee's attack. The killer bee stings you.
* * * LOW HITPOINT WARNING * * *
Eat one of 2 chunks of flesh? (ye/n/q/i?) This raw flesh tastes great!
You block the killer bee's attack. The killer bee stings you.
* * * LOW HITPOINT WARNING * * *
You block the killer bee's attack. The killer bee stings you.
* * * LOW HITPOINT WARNING * * *
You continue eating.
The killer bee barely misses you. The killer bee stings you.
You die...

.........................
........................
...................
.........)........
...........###..
.........## ## .........#
........y###
......#@yy.###
.....####y...# ........
.................#
........
................#
........
................#
........ ...?..........#
........ .............!.
......... ...............
......... ...............


You could see 4 killer bees.

Vanquished Creatures
  A phantom (D:4)
  4 worker ants (D:4)
  Terence (D:3)
  Natasha (thrice) (D:3)
  A hound skeleton (D:4)
  Robin (D:3)
  3 gnolls (D:3)
  5 adders
  An ooze (D:4)
  2 worms (D:2)
  An orc (D:3)
  2 giant cockroaches
  15 hobgoblins
  4 jackals
  A ball python (D:2)
  5 bats
  6 giant newts
  13 goblins
  6 kobolds
  3 rats
78 creatures vanquished.

Notes
Turn   | Place    | Note
--------------------------------------------------------------
     0 | D:1      | Wiadro440 the Ghoul Monk began the quest for the Orb.
     0 | D:1      | Reached XP level 1. HP: 19/19 MP: 0/0
   152 | D:1      | Reached XP level 2. HP: 26/26 MP: 1/1
   588 | D:2      | Reached XP level 3. HP: 31/31 MP: 2/2
   859 | D:2      | Reached skill level 5 in Unarmed Combat
   889 | D:2      | Reached XP level 4. HP: 40/40 MP: 3/3
  1492 | D:3      | Reached skill level 1 in Armour
  1556 | D:3      | Noticed Natasha
  1567 | D:3      | Killed Natasha
  1567 | D:3      | Reached XP level 5. HP: 46/46 MP: 4/4
  1580 | D:3      | Noticed Robin
  1590 | D:3      | Killed Robin
  1847 | D:3      | Noticed Natasha
  1851 | D:3      | Killed Natasha
  1891 | D:3      | Noticed Natasha
  1902 | D:3      | Killed Natasha
  1972 | D:3      | Noticed Terence
  1993 | D:3      | Killed Terence
  1993 | D:3      | Reached skill level 1 in Maces & Flails
  1993 | D:3      | Reached skill level 1 in Shields
  2044 | D:4      | Noticed a phantom
  2048 | D:4      | Reached XP level 6. HP: 46/52 MP: 5/5
  2145 | D:4      | Killed a phantom
  2439 | D:4      | HP: 2/53 [killer bee (2)]
  2441 | D:4      | Slain by a killer bee

Action                   |  1- 3 |  4- 6 || total
-------------------------+-------+-------++-------
Melee: Unarmed           |    46 |     5 ||    51
       Mace              |    41 |   202 ||   243
 Fire: Hunting sling     |     1 |     4 ||     5
Throw: Stone             |       |    10 ||    10
  Use: Scroll            |     1 |     4 ||     5
       Potion            |     1 |     2 ||     3
 Stab: Sleeping          |     1 |     5 ||     6
  Eat: Chunk             |    15 |    22 ||    37
